 Dungeon Crawl Stone Soup version 0.29.1-13-g9f3cf754e1 (webtiles) character file.

Game seed: 11374940853913124478

1855 KittyFluff the Basher (level 9, -5/84 HPs)
             Began as a Gargoyle Berserker on Feb 5, 2023.
             Was a Believer of Trog.
             Killed from afar by an acid dragon (14 damage)
             ... with a splash of acid
             ... on level 7 of the Dungeon.
             The game lasted 00:29:29 (7335 turns).

KittyFluff the Basher (Gargoyle Berserker)          Turns: 7335, Time: 00:29:29

Health: -5/84      AC:  9    Str: 21    XL:     9   Next: 12%
Magic:  0/9        EV: 13    Int:  8    God:    Trog [**....]
Gold:   279        SH:  0    Dex: 13    Spells: 8/8 levels left

rFire   . . .      SeeInvis .   a - +0 mace
rCold   + . .      Faith    .   (no shield)
rNeg    + . .      Spirit   +   J - +1 leather armour of the Weaver {Regen+ Slay+3}
rPois   ∞          Reflect  .   n - +1 helmet
rElec   +          Harm     .   (no cloak)
rCorr   .          Rampage  .   (no gloves)
Will    .....                   (no boots)
Stlth   ..........              G - amulet of guardian spirit
HPRegen 1.04/turn               w - ring of protection from cold
MPRegen 0.11/turn               (no ring)

@: berserking, corroded, very quick
A: sickness immunity, AC +6, negative energy resistance 1, electricity
resistance, torment resistance 1, petrification resistance
a: Renounce Religion, Berserk, Trog's Hand


You were on level 7 of the Dungeon.
You worshipped Trog.
Trog was pleased with you.
You visited 1 branch of the dungeon, and saw 7 of its levels.

You collected 279 gold pieces.

Inventory:

Hand Weapons
 a - a +0 mace (weapon)
 u - a +0 flail
 B - a +0 sling
 E - a +0 lajatang
Missiles
 f - a throwing net
 l - 31 stones (quivered)
 p - 10 poisoned darts
 t - a boomerang
 z - 2 javelins
Armour
 g - a +0 ring mail
 n - a +1 helmet (worn)
 r - a +0 hat
 y - a +1 robe of willpower
 D - a +0 tower shield
 F - a +1 chain mail of willpower
 J - the +1 leather armour of the Weaver (worn) {Regen+ Slay+3}
   (You found it on level 6 of the Dungeon)

   Slay:      It affects your accuracy & damage with ranged weapons and melee
   (+3).
   Regen:     It increases your rate of health regeneration.
Jewellery
 w - a ring of protection from cold (left hand)
 G - an amulet of guardian spirit (around neck)
 H - a ring of ice
Wands
 q - a wand of flame (27)
Scrolls
 b - a scroll of vulnerability {unknown}
 c - 2 scrolls of amnesia {unknown}
 d - 8 scrolls of identify
 h - a scroll of blinking {unknown}
 j - a scroll of torment {unknown}
 k - 2 scrolls of noise {unknown}
 m - a scroll of immolation {unknown}
 s - a scroll of poison {unknown}
 v - a scroll of enchant armour {unknown}
 A - a scroll of teleportation {unknown}
 C - a scroll of enchant weapon {unknown}
 K - 3 scrolls of fear {unknown}
 M - a scroll of magic mapping {unknown}
Potions
 e - 2 potions of curing
 i - 4 potions of haste
 o - 3 potions of mutation
 x - a potion of invisibility
 I - a potion of ambrosia
 L - a potion of magic


   Skills:
 + Level 6.6 Fighting
 + Level 8.0 Maces & Flails
 + Level 0.4 Throwing
 * Level 6.1 Armour
 + Level 3.7 Dodging
 + Level 2.1 Stealth


You had 8 spell levels left.
You didn't know any spells.
Your spell library was empty.

Dungeon Overview and Level Annotations

Branches:
Dungeon (7/15)             Temple (0/1) D:5

Altars:
Dithmenos
Kikubaaqudgha
Qazlal
Uskayaw
Vehumet
Zin

Shops:
D:7 ?


Innate Abilities, Weirdness & Mutations

You are immune to sickness and miasma.
Your stone body is resilient. (AC +6)
You are immune to poison.
You resist negative energy. (rN+)
You are resistant to electric shocks. (rElec)
You are resistant to unholy torment.
You are immune to petrification.


Message History

The acid dragon is lightly wounded.
The acid dragon barely misses you.
The acid dragon claws you but does no damage.
You sock the acid dragon!
The acid dragon is heavily wounded.
The acid dragon barely misses you. x2
You completely miss the acid dragon.
The acid dragon is heavily wounded.
The acid dragon spits acid at you. The splash of acid hits you!!
You closely miss the acid dragon.
The acid dragon is heavily wounded.
The acid dragon bites you but does no damage.
The acid dragon barely misses you.
You thump the acid dragon!
The acid dragon is severely wounded.
The acid dragon closely misses you. The acid dragon claws you.
You hit the acid dragon.
The acid dragon is severely wounded.
The acid dragon bites you. The acid dragon claws you.
You hit the acid dragon but do no damage.
The acid dragon is severely wounded.
The acid dragon spits acid at you. The splash of acid hits you!
* * * LOW HITPOINT WARNING * * *
A red film seems to cover your vision as you go berserk!
You feel yourself moving faster!
You feel mighty! The acid dragon bites you.
* * * LOW HITPOINT WARNING * * *
The acid dragon claws you.
* * * LOW HITPOINT WARNING * * *
You hit the acid dragon. You punch the acid dragon.
The acid dragon is almost dead.
The acid dragon misses you. The acid dragon barely misses you.
You closely miss the acid dragon.
The acid dragon is almost dead.
You hit the acid dragon but do no damage.
The acid dragon is almost dead.
The acid dragon spits acid at you. The splash of acid hits you!
You die...

.... ...#. #.#.# #
....#.###.#. #.# ..
.......... #.# ....#
.##.....#######.#
.... #
...............#
...#
..#.#.#...#.#.######
.#.# ......#.#.#...#
.... ...##..!....###
.# . .......@#.....#
.# ..#
##.#...D#....##
.#.....
.......=#.....#
.....#
...##.......###
.#.#... .. ..#.#.#..
...#.#. .
.#.#...#.#... ......
#.............
....## ..##.....# #.
...... .. ...
##.######


You could see an acid dragon (catching breath).

Vanquished Creatures
  The ghost of cdecastro the Magician, an amateur GnWn (D:4)
  A black bear (D:4)
  An orc warrior (D:7)
  3 ogres
  3 phantoms
  Blork the orc (D:5)
  A bullfrog (D:6)
  2 necrophages
  A gnoll sergeant (D:6)
  2 scorpions
  2 jellies
  2 orc priests
  3 hounds
  3 iguanas
  An orc wizard (D:7)
  Natasha (twice) (D:4)
  8 gnolls
  3 adders
  2 shadow imps
  A white imp (D:5)
  4 worms
  2 dart slugs (D:1)
  6 orcs
  6 endoplasms
  3 giant cockroaches
  6 goblins
  5 hobgoblins
  2 jackals (D:3)
  3 quokkas (D:1)
  4 ball pythons
  8 bats
  2 frilled lizards
  7 kobolds
  A rat (D:2)
102 creatures vanquished.

Notes
Turn   | Place    | Note
-------+----------+-------------------------------------------
     0 | D:1      | KittyFluff the Gargoyle Berserker began the quest for the
                  | Orb.
     0 | D:1      | Reached XP level 1. HP: 14/14 MP: 1/1
   168 | D:1      | Reached XP level 2. HP: 9/19 MP: 2/2
   629 | D:1      | Found a faded altar of an unknown god.
   772 | D:1      | Reached XP level 3. HP: 24/24 MP: 3/3
   923 | D:2      | Reached ** piety under Trog
  1188 | D:2      | Noticed a phantom
  1218 | D:2      | Killed a phantom
  1219 | D:2      | Reached skill level 4 in Maces & Flails
  1219 | D:2      | Reached XP level 4. HP: 6/29 MP: 4/4
  1832 | D:2      | Reached XP level 5. HP: 24/33 MP: 5/5
  3317 | D:4      | Found a runed translucent gate.
  3317 | D:4      | Found a runed translucent gate.
  3317 | D:4      | Found a runed translucent gate.
  3318 | D:4      | Noticed cdecastro's ghost (amateur GnWn)
  3429 | D:4      | Noticed Natasha
  3434 | D:4      | Killed Natasha
  3469 | D:4      | Reached skill level 1 in Stealth
  3613 | D:4      | Reached XP level 6. HP: 27/39 MP: 6/6
  3722 | D:4      | Noticed a black bear
  3745 | D:4      | Killed a black bear
  3746 | D:4      | Reached skill level 5 in Maces & Flails
  3839 | D:4      | Reached XP level 7. HP: 10/44 MP: 7/7
  4220 | D:4      | Reached skill level 5 in Fighting
  4379 | D:4      | Killed cdecastro's ghost
  4380 | D:4      | Reached skill level 6 in Maces & Flails
  4495 | D:4      | Noticed Natasha
  4512 | D:4      | Killed Natasha
  4574 | D:5      | Entered Level 5 of the Dungeon
  4586 | D:5      | Found a staircase to the Ecumenical Temple.
  4724 | D:5      | Reached XP level 8. HP: 30/50 MP: 8/8
  5089 | D:5      | Noticed Blork the orc
  5110 | D:5      | Killed Blork the orc
  5563 | D:5      | Reached skill level 5 in Armour
  5994 | D:5      | Reached skill level 7 in Maces & Flails
  6479 | D:6      | Identified the +1 leather armour of the Weaver {Regen+
                  | Slay+3}
  6634 | D:6      | Found a glowing silver altar of Zin.
  6636 | D:6      | Found a hide-covered altar of Uskayaw.
  6636 | D:6      | Found a stormy altar of Qazlal.
  6639 | D:6      | Found a shadowy altar of Dithmenos.
  6640 | D:6      | Found a radiant altar of Vehumet.
  6642 | D:6      | Found an ancient bone altar of Kikubaaqudgha.
  7234 | D:7      | Found Raxaitai's Magic Scroll Shoppe.
  7272 | D:7      | Reached XP level 9. HP: 45/56 MP: 6/9
  7317 | D:7      | Reached skill level 8 in Maces & Flails
  7335 | D:7      | Killed from afar by an acid dragon

Illustrated notes

Levels and vault maps discovered:
D:1:      amcnicky_arrival_flooded_fountain, layout_rooms,
          hellmonk_ecumenical_altar_defaced_shrine
D:2:      layout_basic
D:3:      layout_rooms
D:4:      layout_rooms, ebering_ghost_rock_garden, hangedman_minor_gate_pass,
          uniq_natasha
D:5:      layout_loops_cross, minmay_temple_entry_wispy, uniq_blork_the_orc
D:6:      layout_basic, minitemple, serial_glass, glass_columns_a,
          glass_columns_a, glass_columns_c, glass_columns_b, glass_columns_c,
          glass_columns_a, glass_columns_a, glass_columns_a, glass_columns_b,
          glass_columns_a
D:7:      nicolae_cairo_tiling_large_dashed, layout_loops_ring, serial_shops,
          shop

Skill      XL: |  1  2  3  4  5  6  7  8  9 |
---------------+----------------------------+-----
Fighting       | 4 5 6 |  6.6
Maces & Flails | 4 5 6 7 8 |  8.0
Dodging        | 2 3 |  3.7
Armour         | 3 4 6 |  6.1
Stealth        | 1 2 |  2.1
Throwing       | |  0.4

Action                   |  1- 3 |  4- 6 |  7- 9 || total
-------------------------+-------+-------+-------++-------
Melee: Mace              |    86 |   161 |   245 ||   492
       Punch             |     1 |     1 |     8 ||    10
Throw: Stone             |       |     3 |     1 ||     4
Invok: Berserk           |     1 |       |     4 ||     5
Evoke: Wand              |       |       |     1 ||     1
  Use: Scroll            |     3 |     2 |     3 ||     8
       Potion            |       |       |     1 ||     1
 Stab: Sleeping          |       |       |     1 ||     1
Armor: Animal skin       |    37 |    29 |       ||    66
       Leather armour    |       |    38 |    98 ||   136
Dodge: Dodged            |    68 |   108 |   130 ||   306
